 Dungeon Crawl Stone Soup version 0.22-a0-612-gd2f0174 (webtiles) character file.

10602 sking99 the Grappler (level 11, -1/111 HPs)
             Began as a Troll Monk on July 11, 2018.
             Was a Believer of Uskayaw.
             Slain by an unseen horror (9 damage)
             ... on level 10 of the Dungeon.
             The game lasted 00:18:46 (9990 turns).

sking99 the Grappler (Troll Monk)                   Turns: 9990, Time: 00:18:46

Health: -1/111     AC:  7    Str: 26    XL:     11   Next: 38%
Magic:  0/14       EV: 10    Int: 14    God:    Uskayaw [**....]
Gold:   857        SH: 13    Dex: 16    Spells: 10/10 levels left

rFire    + . .     SeeInvis .     - Unarmed
rCold    . . .     Gourm    +   s - +2 shield
rNeg     . . .     Faith    .   a - +1 robe
rPois    +         Spirit   +   (helmet restricted)
rElec    .         Reflect  .   q - +0 cloak (curse)
rCorr    .         Harm     .   (gloves unavailable)
MR       +....                  (boots unavailable)
Stlth    ++++......             r - amulet of Xiulyjav {Spirit *Drain rPois Dex+4 Stlth+}
HPRegen  0.68/turn              I - ring of protection from magic
MPRegen  0.14/turn              z - ring of Keziupp {rF+ Stlth+}

@: mighty, brilliant, hasted, very quick
A: large, unfitting armour, claws 3, fast metabolism 3, gourmand, mutation
resistance 1, regeneration 1, shaggy fur 1, tough skin 2
a: Stomp, Line Pass, Renounce Religion


You were on level 10 of the Dungeon.
You worshipped Uskayaw.
Uskayaw was noncommittal.
You were very full.

You visited 1 branch of the dungeon, and saw 10 of its levels.
You also visited: Ossuary.

You collected 857 gold pieces.

Inventory:

Missiles
 k - 3 throwing nets (quivered)
Armour
 a - a +1 robe (worn)
 f - a scarf of resistance
 q - a cursed +0 cloak (worn)
 s - a +2 shield (worn)
Jewellery
 j - an uncursed ring of wizardry
 n - an uncursed amulet of the acrobat
 r - the amulet of Xiulyjav (around neck) {Spirit *Drain rPois Dex+4 Stlth+}
   (You found it on level 4 of the Dungeon)

   [amulet of guardian spirit]

   It causes incoming damage to be split between your health and magic.
   It affects your dexterity (+4).
   It protects you from poison.
   It causes draining when unequipped.
   It makes you more stealthy.
 z - the ring of Keziupp (right claw) {rF+ Stlth+}
   (You found it on level 6 of the Dungeon)

   [ring of protection from fire]

   It protects you from fire.
   It makes you more stealthy.
 I - a ring of protection from magic (left claw)
Wands
 g - a wand of polymorph (17)
 u - a wand of disintegration (19)
 y - a wand of acid (9)
 J - a wand of paralysis (21)
Scrolls
 h - 7 scrolls of remove curse
 l - 8 scrolls of teleportation
 v - 2 scrolls of enchant armour
 w - a scroll of immolation
 x - 2 scrolls of magic mapping
 D - a scroll of silence
 E - a scroll of amnesia {unknown}
 F - 4 scrolls of identify
 G - a scroll of fear {unknown}
Potions
 c - 3 potions of cancellation
 d - 2 potions of degeneration
 e - 5 potions of berserk rage
 i - 3 potions of curing
 m - 2 potions of flight
 o - a potion of brilliance
 p - 2 potions of agility
 t - 2 potions of mutation
 A - 2 potions of haste
 B - 2 potions of might
 C - 2 potions of lignification
 K - a potion of heal wounds
Comestibles
 b - 14 rations
 H - 6 chunks of flesh


   Skills:
 + Level 7.8 Fighting
 - Level 2.4 Dodging
 - Level 1.0 Stealth
 + Level 5.7 Shields
 * Level 12.5 Unarmed Combat
 + Level 6.0 Invocations


You had 10 spell levels left.
You didn't know any spells.
Your spell library contained the following spells:

 Spells                   Type           Power        Failure   Level  Hunger
 Bolt of Magma            Conj/Fire/Erth #.........   77%         5    ######.
 Throw Frost              Conj/Ice       #.....       10%         2    ###....
 Venom Bolt               Conj/Pois      #.........   77%         5    ######.
 Freeze                   Ice            #...         7%          1    ##.....
 Summon Ice Beast         Ice/Summ       #.......     45%         4    #####..
 Ozocubu's Armour         Chrm/Ice       #.......     17%         3    ####...
 Iron Shot                Conj/Erth      #.........   99%         6    #######
 Throw Icicle             Conj/Ice       #.......     45%         4    #####..
 Orb of Destruction       Conj           #.........   100%        7    #######
 Iskenderun's Battlesphe  Conj/Chrm      #.......     77%         5    ######.
 Spellforged Servitor     Conj/Summ      #.........   100%        7    #######


Dungeon Overview and Level Annotations

Branches:
Dungeon (10/15)            Temple (0/1) D:7             Orc (0/2) D:9
   Lair: D:8-11

Altars:
Cheibriados
Dithmenos
Fedhas
Hepliaklqana
Kikubaaqudgha
Trog
Uskayaw
Zin

Shops:
D:4 [


Innate Abilities, Weirdness & Mutations

You are too large for most types of armour.
You have claws for hands.
Your metabolism is lightning-fast.
You like to eat raw meat.
Your natural rate of healing is unusually fast.
You are covered in fur. (AC +1)
You have very tough skin. (AC +2)
You are somewhat resistant to further mutation.


Message History

Something hits you but does no damage.
You claw something! Something hits you.
* * * LOW HITPOINT WARNING * * *
You claw something! Something hits you but does no damage.
You block the adder's attack. Something hits you.
* * * LOW HITPOINT WARNING * * *
You can now pass through a line of other dancers.
You claw something! Something hits you.
* * * LOW HITPOINT WARNING * * *
The adder barely misses you.
You closely miss something. You block something's attack.
You miss something. Something hits you but does no damage. The adder bites you.
* * * LOW HITPOINT WARNING * * *
Something hits you.
* * * LOW HITPOINT WARNING * * *
The adder closely misses you.
You eviscerate the adder!!!
You kill the adder!
Something hits you!
You die...

...# #..####+######...#..
#..# #..#........ #...#..
#..# #..#........ #...#..
#..#####..#......# #...#..
#.........#......# ....##'
#.........#......# ........
#.........#......#.########
#........##......# #
#........'@......# #
#........#.......# #
#........#..$....#. #
#.......(#.......#.. #
##........+.......#..#######
#.........#.....###.........
#.........#.....#...........
#.........####+##..........#
#......... .......>..#


There were no monsters in sight!

Vanquished Creatures
  3 two-headed ogres
  An unseen horror (D:10)
  Pikel (D:6)
  A cyclops (D:7)
  A troll (D:7)
  A hippogriff (D:10)
  A slime creature (D:7)
  Sigmund (D:2)
  A wyvern (D:10)
  Eustachio (D:5)
  A yak (D:10)
  6 hungry ghosts
  A steam dragon (D:8)
  Edmund (D:5)
  2 ice beasts
  2 slaves (D:6)
  4 orc warriors
  2 sky beasts
  A phantom (D:8)
  2 black bears
  A necrophage (D:10)
  3 centaurs
  6 ogres
  3 big kobolds
  7 bullfrogs
  A gnoll sergeant (D:4)
  4 scorpions
  A water moccasin skeleton (D:7)
  A howler monkey (D:9)
  5 crimson imps
  3 jellies
  5 hounds
  Crazy Yiuf (D:6)
  12 orc priests
  5 gnoll shamans
  3 iguanas
  Jessica (D:3)
  Natasha (thrice) (D:2)
  6 orc wizards
  8 worker ants
  2 hound skeletons
  3 hound zombies
  9 mummies
  2 worker ant zombies
  Robin (D:2)
  31 gnolls
  11 adders
  A howler monkey skeleton (D:6)
  2 shadow imps
  An ooze (D:2)
  3 adder skeletons
  A worm (D:2)
  3 dart slugs
  10 leopard geckos
  32 orcs
  3 giant cockroaches
  12 goblins
  10 hobgoblins
  28 jackals
  6 kobolds
  6 quokkas
  2 ball pythons
  4 bats
  5 frilled lizards
  A hobgoblin zombie (D:7)
  A jackal skeleton (D:8)
  4 kobold zombies
  5 orc zombies (Ossuary)
  7 rats
319 creatures vanquished.

Vanquished Creatures (others)
  An ogre (D:6)
  3 gnolls (D:6)
  3 orcs (D:8)
7 creatures vanquished.

Grand Total: 326 creatures vanquished

Notes
Turn   | Place    | Note
-------+----------+-------------------------------------------
     0 | D:1      | sking99 the Troll Monk began the quest for the Orb.
     0 | D:1      | Reached XP level 1. HP: 22/22 MP: 0/0
   125 | D:1      | Reached XP level 2. HP: 29/29 MP: 1/1
   892 | D:2      | Noticed Sigmund
   895 | D:2      | Gained mutation: You tend to lose your temper in combat. [potion of mutation]
   895 | D:2      | Lost mutation: You tend to lose your temper in combat. [potion of mutation]
   895 | D:2      | Gained mutation: You are somewhat resistant to further mutation. [potion of mutation]
   906 | D:2      | Killed Sigmund
   906 | D:2      | Reached skill level 5 in Unarmed Combat
   906 | D:2      | Reached XP level 3. HP: 23/37 MP: 2/2
   906 | D:2      | Reached XP level 4. HP: 28/45 MP: 3/3
   906 | D:2      | Reached XP level 5. HP: 34/53 MP: 4/4
  1051 | D:2      | Noticed Robin
  1096 | D:2      | Killed Robin
  1215 | D:2      | Noticed Natasha
  1220 | D:2      | Killed Natasha
  1321 | D:2      | Noticed Natasha
  1329 | D:2      | Killed Natasha
  1329 | D:2      | Reached XP level 6. HP: 45/62 MP: 5/5
  1386 | D:2      | Noticed Natasha
  1391 | D:2      | Killed Natasha
  1594 | D:2      | Reached skill level 6 in Unarmed Combat
  1761 | D:3      | Noticed Jessica
  1767 | D:3      | Killed Jessica
  2051 | D:3      | Found a faded altar of an unknown god.
  3015 | D:4      | Reached XP level 7. HP: 45/71 MP: 6/6
  3030 | D:4      | Reached skill level 7 in Unarmed Combat
  3390 | D:4      | Got a steaming pewter amulet
  3814 | D:4      | Reached skill level 8 in Unarmed Combat
  4039 | D:4      | Reached skill level 5 in Fighting
  4186 | D:4      | Found Egesaloxt's Armour Boutique.
  4199 | D:4      | Reached XP level 8. HP: 10/80 MP: 7/7
  4350 | D:4      | Found a bloodstained altar of Trog.
  4584 | D:5      | Entered Level 5 of the Dungeon
  4598 | D:5      | Reached skill level 1 in Shields
  4876 | D:5      | Found a snail-covered altar of Cheibriados.
  4877 | D:5      | Found a hide-covered altar of Uskayaw.
  4877 | D:5      | Found a glowing silver altar of Zin.
  4878 | D:5      | Found an ancient bone altar of Kikubaaqudgha.
  4885 | D:5      | Became a worshipper of Uskayaw the Reveler
  4885 | D:5      | Reached * piety under Uskayaw
  4946 | D:5      | Reached ** piety under Uskayaw
  5159 | D:5      | Reached skill level 9 in Unarmed Combat
  5164 | D:5      | Reached *** piety under Uskayaw
  5165 | D:5      | Reached skill level 1 in Invocations
  5244 | D:5      | Noticed Eustachio
  5256 | D:5      | Killed Eustachio
  5474 | D:5      | Noticed Edmund
  5486 | D:5      | Killed Edmund
  5611 | D:6      | Found a shadowy altar of Dithmenos.
  5720 | D:6      | Reached XP level 9. HP: 88/89 MP: 9/9
  5836 | D:6      | Noticed Pikel
  5854 | D:6      | Killed Pikel
  5854 | D:6      | Reached skill level 10 in Unarmed Combat
  5989 | D:6      | Got a flickering bronze ring
  5990 | D:6      | Identified the amulet of Xiulyjav {Spirit *Drain rPois Dex+4 Stlth+} (You found it on level 4 of the Dungeon)
  5993 | D:6      | Identified the ring of Keziupp {rF+ Stlth+} (You found it on level 6 of the Dungeon)
  6081 | D:6      | Found a runed door.
  6417 | D:6      | Noticed Crazy Yiuf
  6423 | D:6      | Killed Crazy Yiuf
  6474 | D:7      | Found a staircase to the Ecumenical Temple.
  6532 | D:7      | Found a sand-covered staircase.
  6545 | Ossuary  | Entered an ossuary
  6575 | Ossuary  | Reached **** piety under Uskayaw
  6829 | D:7      | Found a blossoming altar of Fedhas.
  6845 | D:7      | Noticed a troll
  6846 | D:7      | Noticed a cyclops
  6854 | D:7      | Killed a cyclops
  6854 | D:7      | Reached XP level 10. HP: 73/100 MP: 7/11
  6860 | D:7      | Reached skill level 11 in Unarmed Combat
  6865 | D:7      | Reached ***** piety under Uskayaw
  7506 | D:7      | Found a hazy altar of Hepliaklqana.
  8041 | D:8      | Noticed a two-headed ogre
  8047 | D:8      | Killed a two-headed ogre
  8047 | D:8      | Reached skill level 5 in Invocations
  8078 | D:8      | Noticed a two-headed ogre
  8085 | D:8      | Killed a two-headed ogre
  8085 | D:8      | Reached skill level 5 in Shields
  8363 | D:8      | Reached skill level 12 in Unarmed Combat
  8836 | D:9      | Reached XP level 11. HP: 105/109 MP: 14/14
  8894 | D:9      | Found a staircase to the Orcish Mines.
  9364 | D:10     | Entered Level 10 of the Dungeon
  9465 | D:10     | Noticed a two-headed ogre
  9474 | D:10     | Killed a two-headed ogre
  9807 | D:10     | Killed an unseen horror
  9990 | D:10     | Slain by an unseen horror

Vault maps used:
D:1:      ebering_trefoil_twist, serial_forest, infiniplex_forest_clump_medium,
          infiniplex_forest_end_2, infiniplex_forest_clump_cross,
          infiniplex_forest_end_1, infiniplex_forest_lined_corner,
          infiniplex_forest_straight_3, infiniplex_forest_clump_small,
          infiniplex_forest_end_2, infiniplex_forest_end_double
D:2:      nicolae_overflow_hidden_temple, first_ration, uniq_natasha,
          uniq_sigmund, uniq_robin
D:3:      chequers_ecumenical_altar_island, uniq_jessica
D:4:      lemuel_castle_with_subvaults, lightli_temple_of_fire, serial_shops,
          shop_statue
D:5:      chequers_temple_overflow_statue_of_worship, uniq_eustachio,
          uniq_edmund
D:6:      lemuel_round_altar, uniq_pikel, uniq_crazy_yiuf_cottage
D:7:      minmay_the_grid_triangle_9x9_rhombus_thin, old_standard_altar,
          temple_statues, nicolae_ossuary_entry_giza
D:9:      orc_0_dummy
D:10:     hangedman_pestilent_swarm, kennysheep_generic_room_6
Ossuary:  ossuary_tomb_3

Skill      XL: |  1  2  3  4  5  6  7  8  9 10 11 |
---------------+----------------------------------+-----
Fighting       | 3 4 5 6 7 |  7.8
Unarmed Combat | 5 6 8 9 10 12 | 12.5
Shields        | 2 4 5 |  5.7
Invocations    | 2 3 5 6 |  6.0
Dodging        | |  2.4
Stealth        | |  1.0

Action                   |  1- 3 |  4- 6 |  7- 9 | 10-12 || total
-------------------------+-------+-------+-------+-------++-------
Melee: Unarmed           |    36 |   171 |   336 |   293 ||   836
       Punch             |     2 |     6 |     2 |       ||    10
  Use: Potion            |     4 |       |       |     7 ||    11
       Scroll            |       |     9 |     7 |       ||    16
 Stab: Sleeping          |     2 |     4 |     8 |    14 ||    28
       Paralysed         |       |       |     6 |    21 ||    27
  Eat: Chunk             |    13 |    20 |    38 |    51 ||   122
Armor: Robe              |     7 |    43 |    66 |    63 ||   179
Dodge: Dodged            |    11 |    81 |   117 |    59 ||   268
Block: Shield            |       |       |    95 |   140 ||   235

Table legend:
 A = Spawn XP
 B = Non-spawn XP
 C = Spawn XP percentage of total XP
 D = Spawn monster count
 E = Non-spawn monster count
 F = Spawn count percentage of total count
 G = Total turns spent on level
                    A         B        C        D         E        F      G
               +---------+---------+-------+---------+---------+-------+---------
         Total |       0 |   15147 |   0.0 |       0 |     318 |   0.0 |  9990
               +---------+---------+-------+---------+---------+-------+---------
           D:1 |       0 |      28 |   0.0 |       0 |      14 |   0.0 |   885
           D:2 |       0 |     429 |   0.0 |       0 |      38 |   0.0 |   857
           D:3 |       0 |     122 |   0.0 |       0 |      17 |   0.0 |   999
           D:4 |       0 |    1028 |   0.0 |       0 |      64 |   0.0 |  1843
           D:5 |       0 |     993 |   0.0 |       0 |      20 |   0.0 |  1014
           D:6 |       0 |    1747 |   0.0 |       0 |      23 |   0.0 |   870
           D:7 |       0 |    3287 |   0.0 |       0 |      41 |   0.0 |  1157
           D:8 |       0 |    3011 |   0.0 |       0 |      32 |   0.0 |   972
           D:9 |       0 |    1115 |   0.0 |       0 |      26 |   0.0 |   548
          D:10 |       0 |    3235 |   0.0 |       0 |      27 |   0.0 |   626
       Ossuary |       0 |     152 |   0.0 |       0 |      16 |   0.0 |   219
               +---------+---------+-------+---------+---------+-------+---------
